AoeStats
← Khirs

African Clearing

506174886Analyzed
4v4 RM · 19d ago on Sep 12, 2026· 29m 36s· 8 players
Game mode
Random Map
Map size
Large (8 player)
Population
200
Speed
Normal
Resources
Standard
Victory
Conquest
Starting age
Dark Age
Ending age
Imperial Age
RankedLock teamsTeams togetherTeam positionsShared explorationLock speedFull tech treeHidden civsTurbo modeCheats
Victory
Defeat
🇵🇪 Gurjaras · Peru
853
+16
🇧🇷 Mongols · Brazil
803
+18
🇪🇨 Mongols · Ecuador
797
+18
🇮🇳 Dravidians · India
789
+42
🇮🇪 Bohemians · Ireland
875
-19
🇪🇸 Chinese · Spain
873
-19
🇪🇸 Spanish · Spain
828
-17
790
-15
pauss33
10:53 Loom
15:54 Feudal Age
18:34 Wheelbarrow
17:48 Double-Bit Axe
18:10 Man-at-Arms
Khirs
3:43 Loom
14:48 Feudal Age
15:32 Double-Bit Axe
16:02 Horse Collar
22:54 Castle Age
21:56 Stone Mining
22:47 Forging
23:23 Gold Mining
23:40 Crossbowman
25:11 Heavy Plow
26:05 Bow Saw
28:06 Stone Shaft Mining
27:30 Pikeman
luisja94
15:54 Feudal Age
20:04 Loom
22:36 Castle Age
20:50 Horse Collar
23:24 Double-Bit Axe
23:42 Heavy Plow
26:01 Chemistry
25:14 Double-Bit Axe
26:02 Padded Archer Armor
26:18 Fletching
ʟɪsᴀɴ ᴀʟ-ɢᴀɪʙ
19:16 Feudal Age
18:40 Loom
20:45 Wheelbarrow
Genghis Mike
4:13 Loom
15:18 Feudal Age
16:25 Town Watch
19:19 Arson
25:03 Castle Age
25:41 Pikeman
26:24 Squires
Kadojc
5:31 Loom
13:38 Feudal Age
14:19 Double-Bit Axe
22:01 Wheelbarrow
25:55 Castle Age
24:17 Stone Mining
25:38 Gold Mining
26:19 Crossbowman
26:51 Fletching
28:53 Horse Collar
29:25 Bow Saw
juanygato
14:53 Feudal Age
16:41 Forging
17:48 Loom
19:43 Bloodlines
23:57 Castle Age
23:23 Scale Barding Armor
29:26 Horse Collar
ShinigamiPG
10:03 Loom
16:17 Feudal Age
19:53 Double-Bit Axe
20:34 Man-at-Arms
23:14 Forging
23:45 Wheelbarrow
26:12 Horse Collar
28:51 Castle Age
29:25 Scale Mail Armor
28:57 Long Swordsman
29:32 Arson
29:48 Squires
Connection lost

Rejoining the realm…

Still unreachable

The connection could not be restored.

Session expired

The server has moved on; the page needs a fresh start.